 Dungeon Crawl Stone Soup version 0.25-a0-578-gc91f01c39c (webtiles) character file.

Game seed: 2441044393123861221, levelgen mode: deterministic

16 Forecaster the Magician (level 2, -4/22 HPs)
             Began as a Naga Wizard on Mar 4, 2020.
             Slain by a worm (9 damage)
             ... on level 2 of the Dungeon.
             The game lasted 00:05:35 (671 turns).

Forecaster the Magician (Naga Wizard)                Turns: 671, Time: 00:05:36

Health: -4/22      AC:  3    Str:  9    XL:     2   Next: 54%
Magic:  3/6        EV:  9    Int: 18    God:
Gold:   51         SH:  0    Dex:  9    Spells: 3/8 levels left

rFire    . . .     SeeInvis +   o - +0 dagger
rCold    . . .     Gourm    .   (no shield)
rNeg     . . .     Faith    .   s - +0 leather armour (curse)
rPois    +         Spirit   .   b - +0 hat
rElec    .         Reflect  .   n - +0 cloak
rCorr    .         Harm     .   (no gloves)
MR       .....                  (no barding)
Stlth    ++........             (no amulet)
HPRegen  0.07/turn              (no ring)
MPRegen  0.10/turn              (no ring)

@: very slow
A: large, see invisible, deformed body, poison resistance, slowness 2, slow
metabolism 1, spit poison 1, AC +0
a: Spit Poison


You were on level 2 of the Dungeon.
You were not hungry.

You visited 1 branch of the dungeon, and saw 2 of its levels.

You collected 51 gold pieces.

Inventory:

Hand Weapons
 f - a +0 spear
 l - a +0 short sword
 o - a +0 dagger (weapon)
Missiles
 h - 13 stones (quivered)
 j - 45 sling bullets
 k - 20 poisoned darts
 m - 21 bolts
 r - 22 arrows
Armour
 a - a +0 robe
 b - a +0 hat (worn)
 n - a +0 cloak (worn)
 q - a +0 robe
 s - a cursed +0 leather armour (worn)
Scrolls
 e - 3 scrolls of remove curse {unknown}
 i - a scroll of identify {unknown}
 t - a scroll of teleportation {unknown}
Potions
 c - a potion of lignification {unknown}
 g - a potion of flight {unknown}
Comestibles
 d - a ration
 p - a chunk of flesh


   Skills:
 + Level 1.5 Dodging
 + Level 3.1 Stealth
 + Level 3.6 Spellcasting
 + Level 1.0 Conjurations
 + Level 1.0 Summonings
 + Level 1.0 Translocations


You had 3 spell levels left.
You knew the following spells:

 Your Spells              Type           Power        Failure   Level  Hunger
a - Magic Dart            Conj           #...         14%         1    None
b - Call Imp              Summ           #.......     22%         2    ##.....
c - Blink                 Tloc           N/A          22%         2    ##.....

Your spell library contained the following spells:

 Spells                   Type           Power        Failure   Level  Hunger
 Slow                     Hex            #.......     32%         2    ##.....
 Conjure Flame            Conj/Fire      #.......     45%         3    ###....
 Mephitic Cloud           Conj/Pois/Air  #.......     50%         3    ###....


Dungeon Overview and Level Annotations

Branches:
Dungeon (2/15)

Altars:


Innate Abilities, Weirdness & Mutations

You cannot wear boots.
Your serpentine skin is tough. (AC +0)
You have supernaturally acute eyesight. (SInv)
Armour fits poorly on your strangely shaped body.
Your system is resistant to poisons. (rPois)
You cover ground very slowly.
You have a slow metabolism.
You can spit poison.


Message History

The worm is severely wounded.
You hit the worm but do no damage.
The worm is severely wounded.
The worm bites you!
You barely miss the worm.
The worm is heavily wounded.
The worm closely misses you.
You hit the worm.
The worm is severely wounded.
You hit the worm.
The worm is almost dead.
The worm bites you!
* * * LOW HITPOINT WARNING * * *
You hit the worm.
The worm is almost dead.
Your magical contamination has completely faded away.
You barely miss the worm.
The worm is almost dead.
The worm bites you!
You die...

#...# #...#
# #...# ..
#...#
$..##...###
..........#
.$.†......#
#...w@..#
#########


You could see a worm.

Vanquished Creatures
  A dart slug (D:1)
  3 bats (D:1)
  A giant cockroach (D:1)
  2 goblins (D:1)
  A hobgoblin (D:1)
  A kobold (D:1)
  A frilled lizard (D:1)
  2 rats
12 creatures vanquished.

Notes
Turn   | Place    | Note
-------+----------+-------------------------------------------
     0 | D:1      | Forecaster the Naga Wizard began the quest for the Orb.
     0 | D:1      | Reached XP level 1. HP: 15/15 MP: 4/4
     6 | D:1      | Noticed a crocodile
     6 | D:1      | Noticed a killer bee
     6 | D:1      | Noticed a polar bear
     6 | D:1      | Noticed a black mamba
   176 | D:1      | Reached XP level 2. HP: 18/22 MP: 4/6
   180 | D:1      | Learned a level 2 spell: Call Imp
   183 | D:1      | Learned a level 2 spell: Blink
   671 | D:2      | Slain by a worm

Levels and vault maps discovered:
D:1:      onia_arrival_zoo_common, layout_basic
D:2:      layout_basic, gammafunk_temple_overflow_statue, uniq_robin

Action                   || total
-------------------------++-------
Melee: Unarmed           ||    12
       Dagger            ||    18
 Cast: Magic Dart        ||    34
Armor: Robe              ||     7
       Leather armour    ||     3
Dodge: Dodged            ||    13

Table legend:
 A = Non-vault XP
 B = Vault XP
 C = Vault XP percentage of total XP
 D = Non-vault monster count
 E = Vault monster count
 F = Vault count percentage of total count
                 A         B        C        D         E       F
            +---------+---------+-------+---------+---------+-------
      Total |      23 |       0 |   0.0 |      12 |       0 |   0.0
            +---------+---------+-------+---------+---------+-------
        D:1 |      22 |       0 |   0.0 |      11 |       0 |   0.0
        D:2 |       1 |       0 |   0.0 |       1 |       0 |   0.0
            +---------+---------+-------+---------+---------+-------
